 Dungeon Crawl Stone Soup version 0.28-a0-1190-g77e1c55843 (webtiles) character file.

Game seed: 12654214493308346805

45614 wakim the Tainter (level 14, 0/84 HPs)
             Began as a Tengu Air Elementalist on Dec 18, 2021.
             Was a Priest of Ashenzari.
             Succumbed to a swamp dragon's poison gas
             ... on level 6 of the Lair of Beasts.
             The game lasted 01:48:51 (23121 turns).

wakim the Tainter (Tengu Air Elementalist)         Turns: 23121, Time: 01:48:51

Health: 0/84       AC:  6    Str:  9    XL:     14   Next: 33%
Magic:  9/29       EV: 23    Int: 20    God:    Ashenzari [***...]
Gold:   822        SH: 10    Dex: 15    Spells: 5/33 levels left

rFire   + + .      SeeInvis +   a - +7 dagger of the Fated Negation {flame, rElec rF+, Elem, Melee} (curse)
rCold   . . .      Faith    .   v - +0 buckler "Sorrow of Ashenzari" {Self, Melee} (curse)
rNeg    . . .      Spirit   .   L - +2 robe of the Ruined Regret {rF+, Alch, Elem} (curse)
rPois   .          Reflect  +   (helmet restricted)
rElec   +          Harm     .   B - +1 cloak
rCorr   .          Rampage  .   (no gloves)
Will    ++...      Clarity  +   (boots unavailable)
Stlth   +++.......              j - amulet of Toth-Mos's Legacy {Reflect SH+5, Evo, Bglg} (curse)
HPRegen 0.24/turn               y - +4 ring of evasion
MPRegen 0.21/turn               s - ring of willpower

@: mighty, lethally poisoned (0 -> -1), flying quickly and evasively, quick
A: beak, talons 3, nimble flight
a: Renounce Religion, Curse Item, Shatter the Chains


You were on level 6 of the Lair of Beasts.
You worshipped Ashenzari.
Ashenzari was most pleased with you.
You visited 4 branches of the dungeon, and saw 18 of its levels.
You also visited: Sewer.

You collected 1140 gold pieces.
You spent 318 gold pieces at shops.

Inventory:

Hand Weapons
 a - the cursed +7 dagger of the Fated Negation (weapon) {flame, rElec rF+, Elem, Melee}
   (You bought it in a shop on level 6 of the Dungeon)

   It burns those it strikes, dealing additional fire damage.
   rF:        It protects you from fire.
   rElec:     It insulates you from electricity.
   It has a curse which improves the following skills: Elements: Fire Magic, Ice
   Magic, Air Magic and Earth Magic.
   Melee Combat: Short Blades, Long Blades, Axes, Maces & Flails, Polearms,
   Staves and Unarmed Combat.
 p - the +9 falchion "Kuduegg" {spect, Int+4}
   (You found it on level 1 of the Lair of Beasts)

   When its wielder attacks, the weapon's spirit leaps out and strikes again.
   The spirit shares a part of any damage it takes with its wielder.
   Int:       It affects your intelligence (+4).
Missiles
 G - 3 throwing nets {=f!f}
Armour
 v - the cursed +0 buckler "Sorrow of Ashenzari" (worn) {Self, Melee}
   (You found it on level 9 of the Dungeon)

   It has a curse which improves the following skills: Introspection: Fighting
   and Spellcasting.
   Melee Combat: Short Blades, Long Blades, Axes, Maces & Flails, Polearms,
   Staves and Unarmed Combat.
 B - a +1 cloak (worn)
 L - the cursed +2 robe of the Ruined Regret (worn) {rF+, Alch, Elem}
   (You found it on level 5 of the Dungeon)

   It has a curse which improves the following skills: Alchemy: Poison Magic and
   Transmutations.
   Elements:  Fire Magic, Ice Magic, Air Magic and Earth Magic.
 O - a +0 buckler
Jewellery
 j - the cursed amulet of Toth-Mos's Legacy (around neck) {Reflect SH+5, Evo, Bglg}
   (You found it on level 2 of the Dungeon)

   [amulet of reflection]

   It reflects blocked missile attacks.
   SH:        It affects your SH (+5).
   It has a curse which improves the following skills: Evocations: Evocations.
   Beguiling: Conjurations, Hexes and Translocations.
 k - a ring of willpower
 n - a +4 ring of protection
 q - a ring of positive energy
 s - a ring of willpower (right hand)
 t - an amulet of magic regeneration
 u - an amulet of regeneration
 y - a +4 ring of evasion (left hand)
 A - a ring of magical power
 C - a +6 ring of intelligence
Wands
 l - a wand of polymorph (26)
 w - a wand of acid (5)
 x - a wand of charming (20)
Scrolls
 i - a scroll of brand weapon
 m - 4 scrolls of enchant weapon
 o - a scroll of enchant armour
 r - 15 scrolls of identify
 P - a scroll of amnesia
 Q - 4 scrolls of immolation {!r!r}
 R - 5 scrolls of magic mapping {!r}
 S - 2 scrolls of summoning
 T - 5 scrolls of teleportation
 U - 6 scrolls of fear
 V - 3 scrolls of vulnerability {!r!r}
 W - a scroll of holy word
 X - 2 scrolls of fog
 Y - 4 scrolls of blinking {!r}
 Z - a scroll of silence {!r}
Potions
 D - 3 potions of brilliance
 E - 3 potions of cancellation
 H - 2 potions of haste
 I - 2 potions of invisibility
 K - 2 potions of magic
 M - 2 potions of mutation {!q}
 N - 2 potions of might
Miscellaneous
 z - a box of beasts


   Skills:
 - Level 6.1(8.0) Fighting
 - Level 4.0(6.7) Short Blades
 - Level 1.0(2.7) Polearms
 - Level 8.0 Dodging
 - Level 6.0 Stealth
 - Level 4.0 Shields
 - Level 8.1(10.1) Spellcasting
 - Level 10.1(12.0) Conjurations
 - Level 6.0 Summonings
 - Level 2.5(4.1) Translocations
 + Level 5.1(7.0) Transmutations
 - Level 12.0(15.0) Air Magic
 * Level 12.7(14.5) Poison Magic
 - Level 5.0(6.8) Evocations


You had 5 spell levels left.
You knew the following spells:

 Your Spells              Type           Power      Damage    Failure   Level
a - Eringya's Noxious Bo  Tmut/Pois      26%        N/A       13%         6
b - Airstrike             Air            31%        N/A       1%          4
c - Lightning Bolt        Conj/Air       29%        1d46      1%          5
d - Static Discharge      Conj/Air       59%        N/A       1%          2
s - Swiftness             Air            63%        N/A       1%          3
y - Olgreb's Toxic Radia  Pois           62%        N/A       1%          4
z - Summon Lightning Spi  Summ/Air       51%        N/A       1%          4

Your spell library contained the following spells:

 Spells                   Type           Power      Damage    Failure   Level
 Shock                    Conj/Air       100%       1d9       1%          1
 Sting                    Tmut/Pois      100%       1d8       1%          1
 Poisonous Vapours        Pois/Air       100%       N/A       1%          2
 Gell's Gravitas          Tloc           26%        N/A       3%          3
 Teleport Other           Tloc           26%        N/A       3%          3
 Hailstorm                Conj/Ice       34%        3d9       5%          4
 Sticky Flame             Conj/Fire      34%        2d5       5%          4
 Ice Form                 Ice/Tmut       24%        N/A       16%         4
 Inner Flame              Hex/Fire       11%        N/A       19%         3
 Ozocubu's Armour         Ice            11%        N/A       19%         3
 Summon Forest            Summ/Tloc      15%        N/A       24%         5
 Cause Fear               Hex            5%         N/A       52%         4
 Dispel Undead            Necr           10%        3d9       56%         4
 Metabolic Englaciation   Hex/Ice        5%         N/A       86%         5
 Dispersal                Tloc           13%        N/A       89%         6
 Summon Hydra             Summ           17%        N/A       99%         7
 Simulacrum               Ice/Necr       5%         N/A       100%        6
 Discord                  Hex            5%         N/A       100%        8


Dungeon Overview and Level Annotations

Branches:
Dungeon (10/15)            Temple (1/1) D:5            Lair (6/6) D:8
 Shoals (0/4) Lair:2       Spider (0/4) Lair:4        Slime (0/5) Lair:5
    Orc (1/2) D:10          Sewer (visited)

Altars:
Ashenzari
Cheibriados
Dithmenos
Elyvilon
Fedhas
Gozag
Hepliaklqana
Kikubaaqudgha
Makhleb
Nemelex Xobeh
Ru
Sif Muna
Trog
Uskayaw
Vehumet
Wu Jian
Yredelemnul
Zin
The Shining One
Beogh
Jiyva

Shops:
D:4 *   D:6 (*

Annotations:
D:2 Terence
D:10 Jorgrun


Innate Abilities, Weirdness & Mutations

You have a beak for a mouth.
You have claws for feet.
Your magical nature lets you fly swiftly and evasively.


Message History

* * * LOW HITPOINT WARNING * * *
You feel extremely sick.
You are engulfed in poison gas.
You are more poisoned.
* * * LOW HITPOINT WARNING * * *
Your surroundings suddenly seem different.
* * * LOW HITPOINT WARNING * * *
You feel extremely sick.
Your magical contamination has completely faded away.
You feel much better.
* * * LOW HITPOINT WARNING * * *
You feel very sick.
* * * LOW HITPOINT WARNING * * *
You feel very sick.
There is a lethal amount of poison in your body!
Okay, then.
* * * LOW HITPOINT WARNING * * *
You feel very sick.
* * * LOW HITPOINT WARNING * * *
You feel very sick.
* * * LOW HITPOINT WARNING * * *
You feel very sick.
* * * LOW HITPOINT WARNING * * *
You feel sick.
Drinking this now will have no effect.
Unknown command.
You feel very mighty all of a sudden.
* * * LOW HITPOINT WARNING * * *
You feel sick.
* * * LOW HITPOINT WARNING * * *
You feel sick.
* * * LOW HITPOINT WARNING * * *
You feel sick.
* * * LOW HITPOINT WARNING * * *
You feel sick.
* * * LOW HITPOINT WARNING * * *
You feel sick.
* * * LOW HITPOINT WARNING * * *
You feel sick.
You die...

....##..#####.....##........#####
....#.......#.....##.........####
...##...#...########..........#..
...##.......##### ##...^...###..
....##..###.#...## #........##..
....##......#....# ##.......###.#
...###..........## #.........#.##
...# #.#....)....###.........#...
...# ##....#....@.###............
...## ##..P#####..###............
....# #####...#...##............
....# ###....#...#.............
....# #.##...#...##............
...## ###..#.#.#..###........#.#.
...# ##....#......###.........##.
...# #............##.........##P.
...####..รท........##.........#P..


There were no monsters in sight!

Vanquished Creatures
  Kirke (Lair:6)
  4 hydras
  A boulder beetle (D:8)
  A death yak (Lair:6)
  A two-headed ogre (D:7)
  An orc knight (D:10)
  2 lindwurms
  2 manticores (Lair:6)
  An orc sorcerer (Orc:1)
  A black mamba (Lair:1)
  12 elephants
  11 cane toads
  4 rime drakes
  6 komodo dragons
  A troll (D:9)
  A polar bear (Lair:5)
  16 blink frogs
  7 dream sheep (Lair:6)
  A snapping turtle (Lair:2)
  2 shadows (D:10)
  8 wyverns
  4 basilisks
  22 yaks
  2 steam dragons
  Edmund (D:6)
  An acid dragon (D:8)
  10 water moccasins
  9 orc warriors
  A swamp drake (Lair:6)
  2 ice beasts (D:6)
  2 black bears
  5 necrophages
  12 wolves
  5 ogres
  3 centaurs
  2 phantoms
  2 kobold brigands
  2 gnoll sergeants
  A scorpion (D:6)
  11 bullfrogs
  A water moccasin skeleton (D:5)
  4 howler monkeys
  2 centaur zombies
  2 jellies (D:5)
  2 bullfrog skeletons
  6 orc priests
  A centaur skeleton (D:6)
  A gnoll shaman (D:8)
  2 hounds
  4 iguanas
  7 orc wizards
  Natasha (twice) (D:3)
  10 hell rats
  A howler monkey zombie (D:9)
  A howler monkey skeleton (D:6)
  19 gnolls
  5 adders
  An ufetubus (D:5)
  2 adder skeletons (D:4)
  3 worms
  2 dart slugs
  47 orcs
  9 ball pythons
  7 bats
  A bat zombie (D:5)
  8 endoplasms
  3 giant cockroaches
  3 goblins
  2 hobgoblins
  7 jackals
  A quokka (D:2)
  2 frilled lizards (Sewer)
  28 kobolds
  5 rats
  A rat zombie (D:5)
  A butterfly (Lair:5)
384 creatures vanquished.

Vanquished Creatures (collateral kills)
  A catoblepas (Lair:6)
  3 hydras
  A death yak (Lair:6)
  7 elephants
  2 black mambas
  3 cane toads
  2 komodo dragons (Lair:6)
  A rime drake (Lair:6)
  7 blink frogs
  2 hogs (Lair:6)
  3 yaks (Lair:6)
  4 water moccasins
  A swamp drake (Lair:6)
  A bullfrog (Lair:3)
  An iguana (Lair:6)
  An orc (Orc:1)
40 creatures vanquished.

Vanquished Creatures (others)
  A death yak (Lair:6)
  2 black mambas (Lair:6)
  A torpor snail (Lair:6)
  A rime drake (Lair:6)
  A cane toad (Lair:6)
  4 humans (Lair:6)
  53 fungi
  118 plants
181 creatures vanquished.

Grand Total: 605 creatures vanquished

Notes
Turn   | Place    | Note
-------+----------+-------------------------------------------
     0 | D:1      | wakim the Tengu Air Elementalist began the quest for the
                  | Orb.
     0 | D:1      | Reached XP level 1. HP: 10/10 MP: 4/4
   270 | D:1      | Reached XP level 2. HP: 15/15 MP: 4/6
   595 | D:1      | Found a faded altar of an unknown god.
   616 | D:1      | Learned a level 2 spell: Static Discharge
   616 | D:1      | Prayed at the altar of an unknown god.
   616 | D:1      | Became a worshipper of Ashenzari the Shackled
   866 | D:2      | Reached XP level 3. HP: 19/19 MP: 7/7
  1197 | D:2      | Noticed Terence
  1339 | D:2      | Found a snail-covered altar of Cheibriados.
  1518 | D:3      | Reached * piety under Ashenzari
  1534 | D:3      | Reached skill level 5 in Air Magic
  1597 | D:3      | Reached XP level 4. HP: 3/24 MP: 0/8
  2112 | D:3      | Noticed Natasha
  2116 | D:3      | Killed Natasha
  2496 | D:3      | Reached ** piety under Ashenzari
  2501 | D:3      | Found a burning altar of Makhleb.
  2682 | D:3      | Noticed Natasha
  2697 | D:3      | Killed Natasha
  2698 | D:3      | Gained mutation: Your magical nature lets you fly swiftly
                  | and evasively. [Tengu growth]
  2698 | D:3      | Reached XP level 5. HP: 16/28 MP: 4/10
  3121 | D:4      | Found Emme's Assorted Antiques.
  3205 | D:4      | Noticed a black bear
  3215 | D:4      | Killed a black bear
  3216 | D:4      | Reached skill level 1 in Fighting
  3216 | D:4      | Reached skill level 1 in Evocations
  3216 | D:4      | Reached XP level 6. HP: 23/34 MP: 2/11
  3236 | D:4      | Learned a level 4 spell: Airstrike
  3250 | D:4      | Noticed a necrophage
  3264 | D:3      | Killed a necrophage
  3324 | D:4      | Found a glowing drain.
  3363 | Sewer    | Entered a sewer
  3729 | D:4      | Reached XP level 7. HP: 33/40 MP: 12/12
  4264 | D:4      | Bought a scroll labelled LICZUO DUSYUSM for 21 gold pieces
  4264 | D:4      | Bought a scroll of magic mapping for 73 gold pieces
  4264 | D:4      | Bought a scroll labelled ZISYPNALEETZ for 21 gold pieces
  4270 | D:5      | Entered Level 5 of the Dungeon
  4277 | D:4      | Learned a level 3 spell: Swiftness
  4704 | D:5      | Found a staircase to the Ecumenical Temple.
  4712 | Temple   | Entered the Ecumenical Temple
  4894 | D:5      | Reached XP level 8. HP: 39/46 MP: 13/13
  4954 | D:5      | Found an ancient bone altar of Kikubaaqudgha.
  5110 | D:6      | Found Johia's Antique Weapon Emporium.
  5200 | D:6      | Reached skill level 1 in Polearms
  5302 | D:6      | Noticed a yak
  5370 | D:6      | Found a snail-covered altar of Cheibriados.
  5419 | D:6      | Noticed Edmund
  5442 | D:6      | Killed Edmund
  5621 | D:6      | Reached skill level 5 in Fighting
  5633 | D:6      | Learned a level 2 spell: Poisonous Vapours
  5633 | D:6      | Found a sparkling altar of Nemelex Xobeh.
  5695 | D:6      | Noticed a wyvern
  5717 | D:6      | Killed a wyvern
  5718 | D:6      | Reached skill level 1 in Poison Magic
  5885 | D:6      | Reached XP level 9. HP: 54/54 MP: 13/17
  5980 | D:6      | Reached skill level 5 in Dodging
  5980 | D:6      | Reached skill level 5 in Spellcasting
  6282 | D:5      | Learned a level 4 spell: Olgreb's Toxic Radiance
  6422 | D:6      | Found Olat's General Store.
  6945 | D:7      | Found a shadowy altar of Dithmenos.
  7178 | D:7      | Noticed a two-headed ogre
  7190 | D:7      | Killed a two-headed ogre
  7191 | D:7      | Reached skill level 10 in Air Magic
  7191 | D:7      | Reached XP level 10. HP: 59/59 MP: 17/20
  8288 | D:8      | Found an opulent altar of Gozag.
  8308 | D:8      | Reached skill level 5 in Stealth
  8406 | D:8      | Noticed a boulder beetle
  8417 | D:8      | Killed a boulder beetle
  8418 | D:8      | Reached skill level 5 in Evocations
  8696 | D:6      | Bought a transparent dagger for 203 gold pieces
  8696 | D:6      | Identified the +7 dagger of Hospitality {flame, rElec rF+}
                  | (You bought it in a shop on level 6 of the Dungeon)
  8954 | D:8      | Found a hazy altar of Hepliaklqana.
  9003 | D:8      | Found a staircase to the Lair.
  9186 | D:8      | Found a shimmering blue altar of Sif Muna.
  9323 | D:8      | Reached skill level 1 in Short Blades
  9536 | D:8      | Found an ornate altar of the Wu Jian Council.
  9959 | D:9      | Found a hide-covered altar of Uskayaw.
 10090 | D:9      | Reached skill level 1 in Shields
 10208 | D:9      | Found a glowing golden altar of the Shining One.
 10487 | D:9      | Found a glowing silver altar of Zin.
 10497 | D:9      | Reached skill level 5 in Poison Magic
 10696 | D:10     | Entered Level 10 of the Dungeon
 10865 | D:10     | Reached skill level 1 in Summonings
 11140 | D:10     | Reached XP level 11. HP: 63/64 MP: 21/21
 11573 | D:10     | Learned a level 4 spell: Summon Lightning Spire
 11578 | D:10     | Found a staircase to the Orcish Mines.
 11850 | Orc:1    | Entered Level 1 of the Orcish Mines
 11851 | Orc:1    | Noticed an orc knight
 11852 | Orc:1    | Noticed an orc sorcerer
 11860 | Orc:1    | Killed an orc sorcerer
 11863 | Orc:1    | Noticed Jorgrun
 11891 | D:10     | Killed an orc knight
 13150 | Lair:1   | Entered Level 1 of the Lair of Beasts
 13294 | Lair:1   | Reached skill level 5 in Conjurations
 13301 | Lair:1   | Identified the +9 falchion "Kuduegg" {spect, Int+4}
 13476 | Lair:1   | Learned a level 5 spell: Lightning Bolt
 14469 | Lair:2   | Found a staircase to the Shoals.
 14604 | Lair:2   | Reached XP level 12. HP: 65/72 MP: 25/25
 14711 | Lair:2   | Reached *** piety under Ashenzari
 14739 | Lair:2   | Noticed a four-headed hydra
 14751 | Lair:2   | Killed a four-headed hydra
 14807 | Lair:2   | Found a white marble altar of Elyvilon.
 14990 | Lair:2   | Noticed a four-headed hydra
 14997 | Lair:2   | Killed a four-headed hydra
 16071 | Lair:3   | Reached skill level 5 in Summonings
 16116 | Lair:3   | Noticed a six-headed hydra
 16136 | Lair:3   | Killed a six-headed hydra
 16909 | Lair:4   | Found a hole to the Spider Nest.
 16924 | Lair:4   | Reached skill level 1 in Translocations
 17758 | Lair:5   | Found a staircase to the Slime Pits.
 17869 | Lair:5   | Found a viscous altar of Jiyva.
 18105 | Lair:5   | Reached XP level 13. HP: 59/78 MP: 11/27
 19273 | Lair:6   | Entered Level 6 of the Lair of Beasts
 19692 | Lair:6   | Reached skill level 1 in Transmutations
 19822 | Lair:6   | Reached skill level 10 in Conjurations
 20184 | Lair:6   | Reached skill level 10 in Poison Magic
 20651 | Lair:6   | Learned a level 6 spell: Eringya's Noxious Bog
 21189 | Lair:6   | Reached XP level 14. HP: 84/84 MP: 11/29
 21660 | Lair:6   | Noticed Kirke
 21669 | Lair:6   | Killed Kirke
 22142 | Lair:6   | Identified the +11 shortbow "Kakufa Teent" {venom, rF+
                  | Int+5 Dex+4}
 22157 | Lair:6   | Reached skill level 5 in Transmutations
 23106 | Lair:6   | HP: 4/84 [poisoned by a swamp dragon (poison gas)]
 23116 | Lair:6   | HP: 4/84 [poisoned by a swamp dragon (poison gas)]
 23120 | Lair:6   | HP: 1/84 [poisoned by a swamp dragon (poison gas)]
 23121 | Lair:6   | Succumbed to a swamp dragon's poison gas

Illustrated notes

Levels and vault maps discovered:
D:1:      scummos_arrival_forest, layout_rooms,
          dilly_ecumenical_altar_fadedgnrine
D:2:      layout_basic, basic_altar, nrook_mini_vaults, uniq_terence
D:3:      kennysheep_big_flooded_room, layout_basic,
          mainiacjoe_overflow_catwalk, uniq_natasha
D:4:      layout_basic, portal_sewer_entry_a, nicolae_stop_n_shop_2,
          kennysheep_generic_room_11
D:5:      layout_loops_cross, lemuel_zombie_altar_kikubaaqudgha,
          minmay_temple_entry_ruins
D:6:      cheibrodos_barr_body, layout_loops_ring,
          mainiacjoe_overflow_boulevard, lemuel_coloured_pillars_altar,
          serial_shops, nicolae_shop_stone, shop, uniq_edmund
D:7:      layout_loops_corners, nicolae_dithmenos_through_a_glass_darkly,
          nrook_uturn, serial_bayou_crossing
D:8:      layout_loops_corners, nicolae_hepliaklqana_hazy_memory,
          nicolae_wu_jian_wuxing_cycle, mainiacjoe_overflow_paths,
          kennysheep_mini, dpeg_oklobed_lair, nicolae_grassy_gnolls
D:9:      layout_irregular_city, nicolae_uskayaw_dance_studio,
          overflow_temple_1_default, lemuel_round_altar, st_stairs_13,
          minmay_misc_feat_iff, serial_park_tiny_1
D:10:     layout_long_grid, david_orc_5
Temple:   eino_temple_lava
Lair:1:   layout_misc_corridors, grunt_megastairs_1
Lair:2:   layout_layer_cave, minmay_shoals_entry_hut, basic_altar
Lair:3:   layout_roguey
Lair:4:   layout_big_grid, spider_nest_entry_web_field
Lair:5:   layout_regular_city, slime_altar_1, infiniplex_staircase_pool_2,
          grunt_megastairs_3, serial_bayou_shore_a, lemuel_fruit_fields
Lair:6:   hangedman_lair_in_review, layout_regular_city,
          guppyfry_lair_end_dragon, uniq_kirke
Orc:1:    layout_caves, serial_shops, shop, special_room [special_room_orc],
          mines3_lemuel, uniq_jorgrun

Skill      XL: |  1  2  3  4  5  6  7  8  9 10 11 12 13 14 |
---------------+-------------------------------------------+-----
Conjurations   | 2 3 4 6 9 10 | 10.1
Air Magic      | 5 6 7 8 10 11 12 | 12.0
Spellcasting   | 3 4 6 7 8 |  8.1
Fighting       | 1 2 3 5 6 |  6.1
Dodging        | 3 4 5 6 7 8 |  8.0
Evocations     | 1 2 4 5 |  5.0
Stealth        | 3 4 6 |  6.0
Polearms       | 1 |  1.0
Poison Magic   | 2 4 5 7 8 11 12 | 12.7
Short Blades   | 2 4 |  4.0
Shields        | 2 4 |  4.0
Summonings     | 1 4 6 |  6.0
Translocations | 1 2 |  2.5
Transmutations | 4 5 |  5.1

Action                   |  1- 3 |  4- 6 |  7- 9 | 10-12 | 13-15 || total
-------------------------+-------+-------+-------+-------+-------++-------
Melee: Spear             |    34 |    30 |    50 |    36 |       ||   150
       Kick              |     4 |     7 |     8 |    55 |    45 ||   119
       Peck              |     2 |     4 |     6 |    35 |    31 ||    78
       Dagger            |       |       |       |   205 |   170 ||   375
 Cast: Shock             |    30 |    47 |   115 |    37 |       ||   229
       Static Discharge  |     2 |    14 |    14 |    40 |     3 ||    73
       Airstrike         |       |       |     4 |    10 |    20 ||    34
       Poisonous Vapours |       |       |    17 |    90 |       ||   107
       Olgreb's Toxic Ra |       |       |     1 |    67 |    67 ||   135
       Swiftness         |       |       |     1 |       |       ||     1
       Summon Lightning  |       |       |       |    18 |    35 ||    53
       Lightning Bolt    |       |       |       |     5 |     7 ||    12
       Eringya's Noxious |       |       |       |       |     6 ||     6
Invok: Curse Item        |     2 |     1 |     1 |     3 |       ||     7
       Shatter the Chain |       |       |     1 |     2 |       ||     3
  Use: Scroll            |       |       |       |     4 |     1 ||     5
       Potion            |       |       |       |     3 |     8 ||    11
 Stab: Sleeping          |     3 |     2 |       |       |       ||     5
       Distracted        |       |       |     1 |     1 |     2 ||     4
Armor: Robe              |    13 |     3 |    13 |    25 |    14 ||    68
Dodge: Dodged            |    24 |    35 |    59 |   180 |   120 ||   418
Block: Other             |     9 |     7 |    20 |     5 |       ||    41
       Reflection        |       |       |     2 |     4 |     2 ||     8
       Buckler           |       |       |       |   104 |    88 ||   192

Table legend: (Time is in decaauts)
 A = Elapsed time spent in this place.
 B = Non-inter-level travel time spent in this place.
 C = Inter-level travel time spent in this place.
 D = Time resting spent in this place.
 E = Time spent auto-exploring this place.
 F = Levels seen in this place.
 G = Mean time per level.
                   A        B        C        D        E       F      G
               +--------+--------+--------+--------+--------+-----+--------+
         Total |  21889 |  20850 |   1039 |   6621 |   3886 |  19 | 1152.1 |
       Dungeon |  12272 |  11424 |    848 |   3650 |   1505 |  10 | 1227.2 |
        Temple |      1 |      1 |      0 |      0 |      0 |   1 |    1.0 |
          Lair |   9345 |   9155 |    190 |   2839 |   2380 |   6 | 1557.5 |
  Orcish Mines |     41 |     41 |      0 |      0 |      0 |   1 |   41.0 |
         Sewer |    228 |    228 |      0 |    131 |      0 |   1 |  228.0 |
               +--------+--------+--------+--------+--------+-----+--------+

Top non-repeatable levels by time:
  Lair:6: 2937 daAuts
    D:10: 2173 daAuts
  Lair:5: 2148 daAuts
     D:3: 1688 daAuts
     D:6: 1398 daAuts
     D:7: 1318 daAuts
     D:8: 1218 daAuts
     D:9: 1112 daAuts
  Lair:1: 1108 daAuts
  Lair:3: 1090 daAuts
  Lair:2: 1067 daAuts
     D:5: 1064 daAuts
  Lair:4: 993 daAuts
     D:2: 877 daAuts
     D:4: 781 daAuts
